 Dungeon Crawl Stone Soup version 0.27.0-1-g7a089689b8 (webtiles) character file.

Game seed: 7239910781911146010

18 Leeroy the Slasher (level 2, 0/23 HPs)
             Began as a Djinni Warper on Aug 6, 2021.
             Was a Follower of Cheibriados.
             Slain by an iguana (9 damage)
             ... on level 3 of the Dungeon.
             The game lasted 00:01:17 (808 turns).

Leeroy the Slasher (Djinni Warper)                   Turns: 808, Time: 00:01:17

Health: 0/23       AC:  3    Str: 13    XL:     2   Next: 85%
Gold:   42         EV: 12    Int: 17    God:    Cheibriados [*.....] SH:  0 Dex: 15

rFire    + + .     SeeInvis .   a - +0 falchion
rCold    x . .     Faith    .   (no shield)
rNeg     . . .     Spirit   .   b - +0 leather armour
rPois    ∞         Reflect  .   (no helmet)
rElec    .         Harm     .   (no cloak)
rCorr    .         Rampage  .   (no gloves)
Will     .....                  (boots unavailable)
Stlth    +.........             (no amulet)
HPRegen  0.07/turn              (no ring)
MPRegen  0.00/turn              (no ring)

@: flying, very slow
A: sickness immunity, fire resistance 2, cold vulnerability 1, float, innate
caster, hp casting, extra vitality 1
a: Renounce Religion, Bend Time


You were on level 3 of the Dungeon.
You worshipped Cheibriados.
Cheibriados was aware of your devotion.
You visited 1 branch of the dungeon, and saw 3 of its levels.

You collected 42 gold pieces.

Inventory:

Hand Weapons
 a - a +0 falchion (weapon)
 g - a +0 vorpal mace
Missiles
 d - 5 boomerangs of dispersal (quivered)
 f - 19 stones
Armour
 b - a +0 leather armour (worn)
Scrolls
 c - a scroll of blinking
 h - a scroll of silence {unknown}
 i - a scroll of amnesia {unknown}
Potions
 e - a potion of degeneration {unknown}
 j - a potion of heal wounds {unknown}


   Skills:
 - Level 2.0 Fighting
 + Level 2.9 Long Blades
 - Level 0.7 Throwing
 - Level 1.0 Armour
 - Level 2.1 Dodging
 - Level 2.4 Spellcasting


You couldn't memorise any spells.
You knew the following spells:

 Your Spells              Type           Power      Damage    Failure   Level
a - Blink                 Tloc           N/A        N/A       13%         2
b - Lesser Beckoning      Tloc           5%         N/A       26%         3
c - Gell's Gravitas       Tloc           5%         N/A       26%         3
d - Teleport Other        Tloc           10%        N/A       26%         3
e - Manifold Assault      Tloc           10%        N/A       94%         5
Your spell library was empty.

Dungeon Overview and Level Annotations

Branches:
Dungeon (3/15)

Altars:
Cheibriados

Shops:
D:1 *

Annotations:
D:2 Robin
D:3 Terence


Innate Abilities, Weirdness & Mutations

You are immune to sickness and miasma.
You are immune to poison.
Your flesh is very heat resistant. (rF++)
You are vulnerable to cold. (rC-)
You float through the air rather than walking.
You learn spells naturally, not from books.
Your magical power is your life essence.
You have superior vitality. (+4 HP)


Message History

Cheibriados appreciates the change of pace.
Cheibriados raises the support of your attributes as your movement slows.
The bat barely misses you.
You barely miss the bat. The bat hits you but does no damage. x2
You hit the bat.
You kill the bat!
Cheibriados thoroughly appreciates the change of pace.
No target in view!
No target in view!
No target in view!
No target in view!
No target in view!
No target in view!
You start resting.
HP restored.
There is a stone staircase leading up here.
You fly upwards.
Level annotation: Robin, Terence The goblin hits you with a +0 club.
The iguana barely misses you.
You riposte.
You hit the iguana.
The iguana is lightly wounded.
Terence barely misses you.
You riposte.
You barely miss Terence. The goblin hits you with a +0 club.
There is a stone staircase leading down here.
Unknown command.
The iguana closely misses you. The goblin misses you.
Terence hits you with a +0 flail. The goblin closely misses you.
You riposte.
You hit the goblin.
The goblin is severely wounded.
You fly downwards.
There is a stone staircase leading up here.
You barely miss the iguana.
The iguana is lightly wounded.
The iguana bites you! The goblin hits you with a +0 dagger.
Terence completely misses you.
You riposte.
You barely miss Terence. The goblin hits you but does no damage.
You hit the iguana.
The iguana is moderately wounded.
The iguana bites you!
You die...

#########
#.....?.#
#..@....#
##.###†@g....#
......l.g....#
..####.......#
#.......#
#.......#
#.......#
..........
##########


You could see Terence, an iguana and 2 goblins.

Vanquished Creatures
  An endoplasm (D:1)
  A hobgoblin (D:3)
  4 jackals (D:1)
  A ball python (D:1)
  3 bats
  3 frilled lizards (D:1)
  A kobold (D:1)
  4 rats (D:1)
18 creatures vanquished.

Notes
Turn   | Place    | Note
-------+----------+-------------------------------------------
     0 | D:1      | Leeroy the Djinni Warper began the quest for the Orb.
     0 | D:1      | Reached XP level 1. HP: 18/18 MP: 0/0
   169 | D:1      | Found a faded altar of an unknown god.
   189 | D:1      | Reached XP level 2. HP: 20/23 MP: 0/0
   192 | D:1      | Became a worshipper of Cheibriados the Contemplative
   192 | D:1      | Reached * piety under Cheibriados
   435 | D:1      | Found Neclecw's General Store.
   652 | D:2      | Noticed Robin
   652 | D:2      | Noticed Terence
   808 | D:3      | Slain by an iguana

Illustrated notes

Levels and vault maps discovered:
D:1:      nzn_arrival_depleted_hourglass, layout_loops_corners, serial_shops,
          nicolae_shop_statue_plus, hellmonk_ecumenical_altar_arch_garden
D:2:      layout_rooms, basic_altar, minmay_cut_off, uniq_sigmund, uniq_natasha,
          uniq_robin, uniq_terence
D:3:      layout_rooms, nzn_wu_jian_contemplation, ebering_ghost_gozag,
          uniq_ijyb

Skill      XL: |  1 |
---------------+----+-----
Long Blades    | 2 |  2.9
Fighting       | |  2.0
Throwing       | |  0.7
Armour         | |  1.0
Dodging        | |  2.1
Spellcasting   | |  2.4

Action                   || total
-------------------------++-------
Melee: Falchion          ||    43
       Mace              ||     8
Armor: Leather armour    ||    22
Dodge: Dodged            ||    68
       Rpst.: Falchion   ||    17
